 Dungeon Crawl Stone Soup version 0.17.0-26-gececa24 (webtiles) character file.

64 M4edhros the Charlatan (level 4, -3/28 HPs)
             Began as an Octopode Artificer on Nov 19, 2015.
             Slain by a gnoll
             ... wielding a +0 whip
              (6 damage)
             ... on level 3 of the Dungeon.
             The game lasted 00:01:18 (959 turns).

M4edhros the Charlatan (Octopode Artificer)          Turns: 959, Time: 00:01:18

Health: -3/28      AC:  1    Str: 10    XL:     4   Next: 12%
Magic:  7/7        EV: 11    Int: 14    God:
Gold:   58         SH:  3    Dex: 13    Spells: 0 memorised, 3 levels left

rFire  . . .     SeeInvis .     a - +0 short sword
rCold  . . .     Clarity  .     k - +0 buckler
rNeg   . . .     SustAt   .     (helmet restricted)
rPois  .         Gourm    .     (no amulet)
rElec  .         Spirit   .     (no ring)
rCorr  .         Warding  .     (no ring)
rMut   .         Stasis   .     (no ring)
MR     .....                    (no ring)
Stlth  ++++......               (no ring)
                                (no ring)
                                (no ring)
                                (no ring)

@: not resistant to hostile enchantments, stealthy
A: almost no armour, amphibious, 8 rings, constrict 8, camouflage 1, gelatinous
body 1
a: no special abilities


You were on level 3 of the Dungeon.
You were not hungry.

You visited 1 branch of the dungeon, and saw 3 of its levels.

You collected 58 gold pieces.

Inventory:

Hand Weapons
 a - a +0 short sword (weapon)
 g - a +0 hunting sling
Missiles
 l - a stone (quivered)
Armour
 k - a +0 buckler (worn)
Wands
 b - a wand of flame (12)
 c - a wand of enslavement (14)
 d - a wand of random effects (11)
Scrolls
 f - a scroll of identify {unknown}
 j - a scroll of fog {unknown}
Potions
 i - a potion of poison
Comestibles
 e - 3 bread rations
 h - a royal jelly


   Skills:
 - Level 1.0 Fighting
 - Level 1.0 Short Blades
 - Level 2.0 Dodging
 + Level 3.8 Stealth
 + Level 4.5 Evocations


You had 3 spell levels left.
You didn't know any spells.

Dungeon Overview and Level Annotations

Branches:
Dungeon (3/15)

Altars:


Innate Abilities, Weirdness & Mutations

You cannot wear most types of armour.
You are amphibious.
You can wear up to eight rings at the same time.
You can use your tentacles to constrict eight enemies at once.
Your skin changes colour to match your surroundings (Stealth).
Your rubbery body absorbs attacks (AC +1).


Message History

The gnoll is almost dead.
You constrict the gnoll. The gnoll hits you with a whip!
* * * LOW HITPOINT WARNING * * *
Drink which item? (? for menu, Esc to quit)
Okay, then.
Evoke which item? (* to show all) (? for menu, Esc to quit)
Zapping:
b - a wand of flame (13)
Press: ? - help, Shift-Dir - straight line, f - gnoll
Aim: a gnoll, wielding a whip (almost dead, constricted by you)
The puff of flame hits the gnoll.
You kill the gnoll!
You have reached level 4!
This wand has 12 charges left.
Evoke which item? (* to show all) (? for menu, Esc to quit)
Zapping:
c - a wand of enslavement (15)
Press: ? - help, Shift-Dir - straight line, f - gnoll
Aim: a gnoll, wielding a whip (chance to defeat MR: 64%)
The gnoll struggles to resist.
This wand has 14 charges left.
The gnoll hits you with a whip.
You die...

###### #### .....#
########...#
####.###....<...<.##
..........###..... .
..#.#.#...###..# .#
#.........#....# .#
..#.#†#....###.###.###..
.....)....## #..........
..#.#.#..## ###@...###
.........# #g##.###...
.....###.# #...)).....
.....# ##.# #.##.......>
###### #)# #.# #..###..#
#...# #..# # ##. ..!$ #
# #..## #..#


You could see a gnoll.

Vanquished Creatures
  An adder (D:2)
  3 gnolls (D:3)
  An ooze (D:1)
  2 bats (D:1)
  5 giant cockroaches
  2 hobgoblins (D:3)
  A kobold (D:3)
  A quokka (D:2)
  2 giant newts (D:3)
  A goblin (D:1)
  4 rats
23 creatures vanquished.

Notes
Turn   | Place    | Note
--------------------------------------------------------------
     0 | D:1      | M4edhros the Octopode Artificer began the quest for the Orb.
     0 | D:1      | Reached XP level 1. HP: 13/13 MP: 3/3
   154 | D:1      | Reached XP level 2. HP: 11/18 MP: 4/4
   338 | D:2      | Reached skill level 4 in Evocations
   338 | D:2      | Reached XP level 3. HP: 11/23 MP: 4/6
   685 | D:3      | Noticed Terence
   687 | D:3      | Noticed Terence
   687 | D:3      | Terence changed into Terence the giant cockroach
   690 | D:3      | Killed Terence the giant cockroach
   958 | D:3      | Reached XP level 4. HP: 3/28 MP: 7/7
   959 | D:3      | Slain by a gnoll

Action                   |  1- 3 |  4- 6 || total
-------------------------+-------+-------++-------
Melee: Short sword       |    52 |       ||    52
Evoke: Wand              |     6 |     2 ||     8
  Use: Potion            |     3 |       ||     3
 Stab: Sleeping          |     4 |       ||     4
       Distracted        |     1 |       ||     1
